 Dungeon Crawl Stone Soup version 0.29-a0-380-gf50f0a9fbc (webtiles) character file.

Game seed: 1213356271728793613

2510 Antichthon the Basher (level 9, 0/55 HPs)
             Began as a Gargoyle Fighter on May 6, 2022.
             Was an Initiate of the Shining One.
             Slain by a wyvern (12 damage)
             ... on level 7 of the Dungeon.
             The game lasted 00:09:27 (6592 turns).

Antichthon the Basher (Gargoyle Fighter)            Turns: 6592, Time: 00:09:27

Health: 0/55       AC: 35    Str: 21    XL:     9   Next: 53%
Magic:  12/12      EV:  8    Int: 12    God:    the Shining One [......]
Gold:   321        SH:  4    Dex:  9    Spells: 8/8 levels left

rFire   . . .      SeeInvis .   a - +2 flail (protect)
rCold   . . .      Faith    .   c - +0 buckler
rNeg    + . .      Spirit   .   f - +0 chain mail
rPois   ∞          Reflect  .   i - +2 helmet
rElec   +          Harm     .   t - +0 cloak {Will+}
rCorr   .          Rampage  .   (no gloves)
Will    +....                   k - +2 pair of boots
Stlth   ..........              (no amulet)
HPRegen 0.18/turn               n - +4 ring of protection
MPRegen 0.13/turn               (no ring)

@: under a protective aura, glowing
A: sickness immunity, AC +6, negative energy resistance 1, electricity
resistance, torment resistance 1, petrification resistance
a: Renounce Religion


You were on level 7 of the Dungeon.
You worshipped the Shining One.
The Shining One was noncommittal.
You visited 2 branches of the dungeon, and saw 8 of its levels.

You collected 321 gold pieces.

Inventory:

Hand Weapons
 a - a +2 flail of protection (weapon)
Armour
 c - a +0 buckler (worn)
 f - a +0 chain mail (worn)
 i - a +2 helmet (worn)
 k - a +2 pair of boots (worn)
 t - a +0 cloak of willpower (worn)
Jewellery
 n - a +4 ring of protection (left hand)
 r - a ring of fire
Wands
 m - a wand of paralysis (5)
 o - a wand of digging (5)
 p - a wand of charming (13)
 q - a wand of flame (19)
Scrolls
 g - 3 scrolls of magic mapping
 j - 2 scrolls of poison
Potions
 d - 2 potions of might
 e - a potion of brilliance
 h - 3 potions of haste {unknown}
 l - a potion of flight {unknown}
 s - 2 potions of mutation {unknown}


   Skills:
 * Level 5.7 Fighting
 * Level 8.2 Maces & Flails
 * Level 6.8 Armour
 * Level 3.0 Dodging
 * Level 5.3 Shields
 * Level 4.1 Invocations


You had 8 spell levels left.
You didn't know any spells.
Your spell library contained the following spells:

 Spells                   Type           Power      Damage    Failure   Level
 Magic Dart               Conj           0%         1d3       98%         1
 Searing Ray              Conj           0%         2d4       99%         2
 Ignite Poison            Fire/Tmut/Pois 0%         N/A       100%        3
 Mephitic Cloud           Conj/Pois/Air  0%         N/A       100%        3
 Fulminant Prism          Conj/Hex       0%         3d6       100%        4
 Freezing Cloud           Conj/Ice/Air   0%         6-21      100%        5


Dungeon Overview and Level Annotations

Branches:
Dungeon (7/15)             Temple (1/1) D:4

Altars:
Cheibriados
Gozag
Hepliaklqana
Nemelex Xobeh
Okawaru
Qazlal
Ru
Sif Muna
Uskayaw
Vehumet
Xom
Yredelemnul
The Shining One
Jiyva


Innate Abilities, Weirdness & Mutations

You are immune to sickness and miasma.
Your stone body is resilient. (AC +6)
You are immune to poison.
You resist negative energy. (rN+)
You are resistant to electric shocks. (rElec)
You are resistant to unholy torment.
You are immune to petrification.


Message History

The wyvern closely misses you.
The wyvern bites you but does no damage.
Your Dodging skill increases to level 3!
You hit the wyvern but do no damage.
The wyvern is moderately wounded.
The wyvern bites you.
* * * LOW HITPOINT WARNING * * *
You closely miss the wyvern.
The wyvern is moderately wounded.
The wyvern barely misses you.
The wyvern bites you but does no damage.
You barely miss the wyvern.
The wyvern is moderately wounded.
The wyvern bites you but does no damage.
The wyvern barely misses you.
You thump the wyvern!
The wyvern is severely wounded.
The wyvern completely misses you.
You barely miss the wyvern.
The wyvern is severely wounded.
The wyvern bites you but does no damage.
You block the wyvern's attack.
You closely miss the wyvern.
The wyvern is severely wounded.
You block the wyvern's attack. The wyvern bites you.
* * * LOW HITPOINT WARNING * * *
You hit the wyvern.
The wyvern is severely wounded.
The wyvern completely misses you.
You barely miss the wyvern.
The wyvern is severely wounded.
The wyvern bites you but does no damage.
The wyvern barely misses you.
You closely miss the wyvern.
The wyvern is severely wounded.
The wyvern barely misses you.
You sock the wyvern!
The wyvern is almost dead.
The wyvern bites you!
You die...

#...# #..#
#..[# ##..#
#...###.<#
##.......##
.###........#
...........##
##......##
##)....#
#.@..##
#.l..#
###..##
#...######
##.......$
##.....##
....## ....#
....#


You could see a wyvern.

Vanquished Creatures
  A two-headed ogre (D:6)
  Sigmund (D:3)
  Menkaure (D:5)
  A water moccasin (D:6)
  2 black bears (D:6)
  An ogre (D:6)
  3 centaurs
  2 necrophages
  A gnoll sergeant (D:6)
  3 scorpions
  2 howler monkeys (D:7)
  A hound (D:5)
  3 jellies
  A gnoll shaman (D:5)
  Crazy Yiuf (D:6)
  Jessica (D:3)
  3 iguanas
  Terence (D:3)
  12 adders
  9 gnolls
  An ufetubus (D:5)
  2 worms
  16 orcs
  10 ball pythons
  3 endoplasms
  5 giant cockroaches
  3 hobgoblins
  4 jackals (D:1)
  8 quokkas
  8 bats
  3 frilled lizards
  5 goblins
  8 kobolds
  9 rats
  A spectral orc (D:6)
136 creatures vanquished.

Notes
Turn   | Place    | Note
-------+----------+-------------------------------------------
     0 | D:1      | Antichthon the Gargoyle Fighter began the quest for the
                  | Orb.
     0 | D:1      | Reached XP level 1. HP: 14/14 MP: 1/1
   217 | D:1      | Reached XP level 2. HP: 15/19 MP: 2/2
   638 | D:1      | Found a faded altar of an unknown god.
   719 | D:1      | Reached XP level 3. HP: 11/23 MP: 3/3
  1629 | D:2      | Reached skill level 1 in Invocations
  1629 | D:2      | Reached XP level 4. HP: 28/28 MP: 4/4
  2111 | D:3      | Noticed Terence
  2138 | D:3      | Killed Terence
  2407 | D:3      | Reached skill level 3 in Maces & Flails
  2457 | D:3      | Reached XP level 5. HP: 33/33 MP: 5/5
  2667 | D:3      | Found a snail-covered altar of Cheibriados.
  2798 | D:3      | Reached skill level 1 in Dodging
  2811 | D:3      | Noticed Sigmund
  2820 | D:3      | Killed Sigmund
  2821 | D:3      | Reached skill level 4 in Maces & Flails
  2821 | D:3      | Reached XP level 6. HP: 38/38 MP: 5/7
  2878 | D:3      | Noticed Jessica
  2888 | D:3      | Killed Jessica
  3657 | D:4      | Found a staircase to the Ecumenical Temple.
  3719 | D:4      | Reached XP level 7. HP: 44/44 MP: 8/8
  3933 | D:5      | Entered Level 5 of the Dungeon
  3933 | D:5      | Noticed Menkaure
  3945 | D:5      | Killed Menkaure
  3946 | D:5      | Reached skill level 5 in Maces & Flails
  4239 | D:5      | Reached skill level 5 in Armour
  4510 | D:5      | Reached XP level 8. HP: 43/48 MP: 9/9
  4518 | D:5      | Reached skill level 6 in Maces & Flails
  4851 | D:6      | Noticed a two-headed ogre
  4883 | D:6      | Killed a two-headed ogre
  4884 | D:6      | Reached skill level 5 in Fighting
  4884 | D:6      | Reached skill level 7 in Maces & Flails
  4994 | D:6      | Reached skill level 5 in Shields
  5044 | D:6      | Reached XP level 9. HP: 29/54 MP: 11/11
  5919 | D:6      | Found a runed translucent door.
  5920 | D:6      | Noticed Crazy Yiuf
  5976 | D:6      | Found a hide-covered altar of Uskayaw.
  5976 | D:6      | Found a stormy altar of Qazlal.
  6101 | D:6      | Found a hazy altar of Hepliaklqana.
  6263 | D:6      | Killed Crazy Yiuf
  6264 | D:6      | Reached skill level 8 in Maces & Flails
  6342 | Temple   | Entered the Ecumenical Temple
  6499 | Temple   | Became a worshipper of the Shining One
  6592 | D:7      | Slain by a wyvern

Illustrated notes

Levels and vault maps discovered:
D:1:      zelgadis_glass_arrival_small, layout_basic,
          shapermc_ecumenical_altar_hornbeckon
D:2:      layout_basic
D:3:      layout_basic, nicolae_overflow_crystal_walls, minmay_liquid_box,
          st_stairs_12, uniq_sigmund, uniq_terence, uniq_jessica
D:4:      layout_loops_corners, minmay_temple_entry_gardened_gates, minivault_11
D:5:      layout_rooms, uniq_menkaure
D:6:      layout_loops_ring, nicolae_hepliaklqana_monster_ancestors,
          gammafunk_temple_overflow_elements, uniq_crazy_yiuf_cottage
D:7:      layout_layer_cave, mainiacjoe_overflow_tiny_flanked, elyvilon_altar_3,
          serial_shops, kennysheep_mini_moat, st_stairs_1,
          hangedman_abyss_or_decor_stagger, uniq_maggie
Temple:   pf_slime_end_temple

Skill      XL: |  1  2  3  4  5  6  7  8  9 |
---------------+----------------------------+-----
Invocations    | 1 2 3 4 |  4.1
Armour         | 4 5 6 |  6.8
Maces & Flails | 3 4 5 7 8 |  8.2
Dodging        | 1 2 3 |  3.0
Fighting       | 4 5 |  5.7
Shields        | 4 5 |  5.3

Action                   |  1- 3 |  4- 6 |  7- 9 || total
-------------------------+-------+-------+-------++-------
Melee: Flail             |   133 |   184 |   226 ||   543
Evoke: Wand              |       |       |     5 ||     5
  Use: Scroll            |     3 |     4 |     6 ||    13
       Potion            |       |       |     3 ||     3
Armor: Scale mail        |    79 |     8 |       ||    87
       Chain mail        |       |   104 |   196 ||   300
Dodge: Dodged            |    91 |    80 |   105 ||   276
Block: Buckler           |    30 |    40 |    56 ||   126

Table legend: (Time is in decaauts)
 A = Elapsed time spent in this place.
 B = Non-inter-level travel time spent in this place.
 C = Inter-level travel time spent in this place.
 D = Time resting spent in this place.
 E = Time spent auto-exploring this place.
 F = Levels seen in this place.
 G = Mean time per level.
                   A        B        C        D        E       F      G
               +--------+--------+--------+--------+--------+-----+--------+
         Total |   6718 |   6475 |    243 |      0 |   5099 |   8 |  839.8 |
       Dungeon |   6544 |   6337 |    207 |      0 |   4974 |   7 |  934.9 |
        Temple |    173 |    138 |     35 |      0 |    125 |   1 |  173.0 |
               +--------+--------+--------+--------+--------+-----+--------+

Top non-repeatable levels by time:
     D:6: 1546 daAuts
     D:1: 1260 daAuts
     D:4: 947 daAuts
     D:3: 936 daAuts
     D:2: 907 daAuts
     D:5: 893 daAuts
  Temple: 173 daAuts
     D:7: 52 daAuts
